 Dungeon Crawl Stone Soup version 0.19.1 (webtiles) character file.

91 theclanless the Skirmisher (level 4, -4/24 HPs)
             Began as a Vine Stalker Fighter on Dec 2, 2016.
             Was an Initiate of Trog.
             Slain by Natasha (8 damage)
             ... on level 3 of the Dungeon.
             The game lasted 00:05:33 (1198 turns).

theclanless the Skirmisher (Vine Stalker Fighter)   Turns: 1198, Time: 00:05:34

Health: -4/24      AC:  5    Str: 25    XL:     4   Next: 59%
Magic:  0/6        EV:  9    Int:  8    God:    Trog [......]
Gold:   136        SH: 10    Dex: 13    Spells: 0 memorised, 5 levels left

rFire  . . .     SeeInvis .     a - +0 rapier
rCold  . . .     Gourm    .     q - +0 ring mail
rNeg   . . .     Faith    .     c - +0 shield
rPois  .         Spirit   +     (no helmet)
rElec  .         Reflect  .     (no cloak)
rCorr  .         Harm     .     (no gloves)
MR     .....                    (no boots)
Stlth  +.........               (no amulet)
                                (no ring)
                                (no ring)

@: mighty
A: fangs 2, regeneration 1, magic shield, antimagic bite, no device heal 3, rot
immunity
a: Burn Spellbooks, Renounce Religion


You were on level 3 of the Dungeon.
You worshipped Trog.
Trog was noncommittal.
You were not hungry.

You visited 1 branch of the dungeon, and saw 3 of its levels.

You collected 136 gold pieces.

Inventory:

Hand Weapons
 a - a +0 rapier (weapon)
Missiles
 o - 92 stones (quivered)
Armour
 b - a +0 scale mail
 c - a +0 shield (worn)
 q - a +0 ring mail (worn)
Scrolls
 h - a scroll of amnesia
 n - a scroll of magic mapping
Potions
 j - a potion of flight {unknown}
 k - a potion of resistance
 r - a potion of haste {unknown}
Comestibles
 f - 2 bread rations
 l - a chunk of flesh


   Skills:
 + Level 3.1 Fighting
 * Level 2.5 Short Blades
 + Level 2.6 Armour
 * Level 1.1 Dodging
 + Level 1.0 Stealth
 + Level 3.1 Shields
 - Level 1.2 Spellcasting


You had 5 spell levels left.
You didn't know any spells.

Dungeon Overview and Level Annotations

Branches:
Dungeon (3/15)

Altars:
Trog
Uskayaw

Annotations:
D:3 Natasha


Innate Abilities, Weirdness & Mutations

You have extremely sharp teeth.
Your natural rate of healing is unusually fast.
When hurt, damage is shared between your health and your magic reserves.
Your bite disrupts and absorbs the magic of your enemies.
Potions and wands cannot restore your health.
You are immune to rotting.


Message History

You closely miss Natasha. Your bite misses Natasha. Natasha claws you.
You barely miss Natasha. Your bite misses Natasha. Natasha claws you.
You hit Natasha but do no damage. You bite Natasha, but do no damage.
Natasha growls.
Natasha claws you. Natasha claws you!
You hit Natasha but do no damage.
Natasha casts a spell.
You feel very mighty all of a sudden. Natasha casts a spell at you.
The magic dart hits you!
* * * LOW HITPOINT WARNING * * *
The crimson imp hits you but does no damage.
Unknown command.
You closely miss Natasha. Your bite misses Natasha. Natasha barely misses you.
The crimson imp barely misses you.
You puncture Natasha! Your bite misses Natasha.
Natasha is heavily wounded.
Natasha growls.
Natasha claws you!
You die...

.# #########.#
#.........#
#.........###
#............
.####.........#
........5.....#
#.h@......#
._............####
.................## ##
.......)..........##...
.........<.............
._.......#........##..
.........#........#
................<.#
#######.###.#.#


You could see Natasha and a crimson imp.

Vanquished Creatures
  4 adders (D:2)
  2 oozes (D:2)
  A worm (D:2)
  2 dart slugs
  2 bats (D:1)
  A giant cockroach (D:2)
  3 goblins
  5 hobgoblins
  4 jackals (D:2)
  7 kobolds
  4 frilled lizards
  10 rats
45 creatures vanquished.

Notes
Turn   | Place    | Note
-------+----------+-------------------------------------------
     0 | D:1      | theclanless the Vine Stalker Fighter began the quest for the Orb.
     0 | D:1      | Reached XP level 1. HP: 11/11 MP: 2/2
   204 | D:1      | Reached XP level 2. HP: 16/16 MP: 3/3
   681 | D:2      | Reached XP level 3. HP: 13/19 MP: 4/4
   770 | D:2      | Reached skill level 1 in Spellcasting
   834 | D:2      | Gained mutation: Your natural rate of healing is unusually fast. [Vine Stalker growth]
   834 | D:2      | Reached XP level 4. HP: 5/24 MP: 6/6
   853 | D:2      | Reached skill level 1 in Dodging
   989 | D:2      | Found a bloodstained altar of Trog.
   993 | D:2      | Became a worshipper of Trog the Wrathful
  1118 | D:2      | Reached skill level 1 in Stealth
  1188 | D:3      | Noticed Natasha
  1190 | D:3      | Found a hide-covered altar of Uskayaw.
  1190 | D:3      | Found a bloodstained altar of Trog.
  1198 | D:3      | Slain by Natasha

Skill      XL: |  1  2  3  4 |
---------------+-------------+-----
Short Blades   | 2 |  2.5
Fighting       | 3 |  3.1
Spellcasting   | 1 |  1.2
Shields        | 3 |  3.1
Dodging        | 1 |  1.1
Stealth        | 1 |  1.0
Armour         | |  2.6

Action                   |  1- 3 |  4- 6 || total
-------------------------+-------+-------++-------
Melee: Rapier            |    91 |    30 ||   121
       Bite              |    17 |     6 ||    23
  Use: Potion            |     1 |     1 ||     2
       Scroll            |       |     7 ||     7
  Eat: Chunk             |       |     1 ||     1
Armor: Scale mail        |    13 |       ||    13
       Ring mail         |    15 |     6 ||    21
Dodge: Dodged            |    25 |     9 ||    34
Block: Shield            |    33 |    12 ||    45
